 Dungeon Crawl Stone Soup version 0.25-a0-24-g72dcfe0359 (webtiles) character file.

Game seed: 18430327914570397122, levelgen mode: deterministic

383337 Gargoyl the Agent of Entropy (level 21, -5/183 HPs)
             Began as a Centaur Abyssal Knight on Oct 16, 2019.
             Was a Priest of Lugonu.
             Killed from afar by a raiju (12 damage)
             ... with a living lightning
             ... on level 1 of the Abyss on Oct 17, 2019.
             The game lasted 01:56:48 (72126 turns).

Gargoyl the Agent of Entropy (CeAK)                Turns: 72126, Time: 01:56:49

Health: -5/183     AC: 45    Str: 29    XL:     21   Next: 94%
Magic:  33/33      EV:  8    Int: 11    God:    Lugonu [***...]
Gold:   2908       SH: 16    Dex: 18    Spells: 20/20 levels left

rFire    + + .     SeeInvis .   A - +7 broad axe (vamp)
rCold    + + .     Gourm    .   y - +2 shield
rNeg     . . .     Faith    .   I - +13 crystal plate armour of Kanyerye {+Inv rPois rCorr Dex-4}
rPois    +         Spirit   .   D - +2 hat {MR+}
rElec    .         Reflect  .   j - scarf {cloud immunity}
rCorr    +         Harm     .   Y - +0 pair of gloves {Dex+3}
MR       ++...     Rnd*Tele +   S - +4 centaur barding {rF+}
Stlth    ..........             Q - amulet "Bapsecze" {Acrobat +Blink Str+5 Dex+3}
HPRegen  0.40/turn              r - +4 ring of dexterity
MPRegen  0.23/turn              K - ring "Apaef" {rF+ rC+ Stlth+}

@: drained, very quick
A: large, hooves 3, blurry vision 1, cold resistance 1, deformed body, speed 2,
poison resistance, strong 1, teleportitis 1, tough skin 3
}: 2/15 runes: decaying, serpentine
a: Depart the Abyss, Bend Space, Banish, Renounce Religion, Evoke Blink, Evoke
Invisibility


You were on level 1 of the Abyss.
You worshipped Lugonu.
Lugonu was most pleased with you.
You were near starving.

You visited 6 branches of the dungeon, and saw 36 of its levels.
You visited the Abyss 7 times.
You also visited: Gauntlet and Ice Cave.

You collected 5749 gold pieces.
You spent 2841 gold pieces at shops.

Inventory:

Hand Weapons
 a - a +5 hand axe of freezing
 e - the +7 scimitar of the Hand {drain, -Tele rF+ Int+6}
   (You found it on level 3 of the Abyss)

   A truly terrible weapon, it drains the life of those it strikes.
   It affects your intelligence (+6).
   It protects you from fire.
   It prevents most forms of teleportation.
 A - a +7 vampiric broad axe (weapon)
 X - a +0 falchion of holy wrath
Missiles
 G - 30 javelins (quivered)
Armour
 j - a scarf of cloud immunity (worn)
 y - a +2 shield (worn)
 D - a +2 hat of magic resistance (worn)
 I - the +13 crystal plate armour of Kanyerye (worn) {+Inv rPois rCorr Dex-4}
   (You found it on level 2 of the Lair of Beasts)

   It affects your dexterity (-4).
   It protects you from poison.
   It lets you turn invisible.
   It provides partial protection from all sources of acid and corrosion.
 S - a +4 centaur barding of fire resistance (worn)
 Y - a +0 pair of gloves of dexterity (worn)
Jewellery
 q - the ring "Dootoguumil" {rPois MR+}
   (You found it in a Gauntlet)

   [ring of protection from magic]

   It protects you from poison.
   It affects your resistance to hostile enchantments.
 r - a +4 ring of dexterity (left hand)
 u - an uncursed ring of flight
 v - an uncursed amulet of rage
 E - an uncursed ring of see invisible
 F - an uncursed ring of magical power
 H - a +6 amulet of reflection
 K - the ring "Apaef" (right hand) {rF+ rC+ Stlth+}
   (You bought it in a shop on level 2 of the Orcish Mines)

   [ring of protection from fire]

   It protects you from fire.
   It protects you from cold.
   It makes you more stealthy.
 M - an uncursed ring of positive energy
 P - an uncursed amulet of guardian spirit
 Q - the amulet "Bapsecze" (around neck) {Acrobat +Blink Str+5 Dex+3}
   (You acquired it on level 6 of the Lair of Beasts)

   [amulet of the acrobat]

   It helps you evade while moving and waiting.
   It affects your strength (+5).
   It affects your dexterity (+3).
   It lets you blink.
 W - an uncursed ring of resist corrosion
Wands
 b - a wand of digging (19)
 s - a wand of scattershot (17)
 t - a wand of disintegration (10)
 B - a wand of random effects (15)
 V - a wand of flame (21)
Scrolls
 f - 7 scrolls of identify
 g - 21 scrolls of remove curse
 l - 4 scrolls of fear
 o - 5 scrolls of magic mapping
 w - 11 scrolls of teleportation
 J - 6 scrolls of blinking
 L - a scroll of summoning
 N - 3 scrolls of fog
 Z - 3 scrolls of holy word
Potions
 d - 6 potions of flight
 h - 4 potions of agility
 i - 2 potions of curing
 k - a potion of resistance
 m - 5 potions of cancellation
 n - a potion of brilliance
 x - 6 potions of might
 z - 5 potions of haste
 R - 2 potions of magic
 U - a potion of ambrosia
Miscellaneous
 C - a sack of spiders
Comestibles
 c - 46 rations


   Skills:
 + Level 14.9(13.6) Fighting
 + Level 15.6(14.3) Long Blades
 + Level 4.8(3.7) Axes
 * Level 14.7(13.3) Armour
 * Level 12.4(11.1) Dodging
 + Level 12.7(11.5) Shields
 * Level 17.2(15.8) Invocations


You had 20 spell levels left.
You didn't know any spells.
Your spell library contained the following spells:

 Spells                   Type           Power        Failure   Level  Hunger
 Animate Skeleton         Necr           N/A          100%        1    ##.....
 Apportation              Tloc           #.....       100%        1    ##.....
 Confusing Touch          Hex            #.....       100%        1    ##.....
 Corona                   Hex            #......      100%        1    ##.....
 Magic Dart               Conj           #...         100%        1    ##.....
 Sandblast                Erth           #.....       100%        1    ##.....
 Summon Butterflies       Summ           #.......     100%        1    ##.....
 Summon Small Mammal      Summ           #...         100%        1    ##.....
 Call Imp                 Summ           #.......     100%        2    ###....
 Corpse Rot               Necr           N/A          100%        2    ###....
 Ensorcelled Hibernation  Hex/Ice        #.....       100%        2    ###....
 Passwall                 Tmut/Erth      #.......     100%        2    ###....
 Searing Ray              Conj           #.....       100%        2    ###....
 Shroud of Golubria       Chrm/Tloc      #.....       100%        2    ###....
 Sublimation of Blood     Necr           #.........   100%        2    ###....
 Call Canine Familiar     Summ           #.......     100%        3    ####...
 Confuse                  Hex            #.......     100%        3    ####...
 Dazzling Spray           Conj/Hex       #.....       100%        3    ####...
 Gell's Gravitas          Tloc           #.........   100%        3    ####...
 Portal Projectile        Hex/Tloc       #.....       100%        3    ####...
 Recall                   Summ/Tloc      N/A          100%        3    ####...
 Spider Form              Tmut/Pois      #.........   100%        3    ####...
 Stone Arrow              Conj/Erth      #.....       100%        3    ####...
 Summon Guardian Golem    Hex/Summ       #.......     100%        3    ####...
 Tukima's Dance           Hex            #.......     100%        3    ####...
 Animate Dead             Necr           N/A          100%        4    #####..
 Cause Fear               Hex            #.........   100%        4    #####..
 Force Lance              Conj/Tloc      #.......     100%        4    #####..
 Fulminant Prism          Conj/Hex       #.........   100%        4    #####..
 Iskenderun's Mystic Bla  Conj           #.......     100%        4    #####..
 Leda's Liquefaction      Hex/Erth       #.........   100%        4    #####..
 Petrify                  Tmut/Erth      #.......     100%        4    #####..
 Summon Ice Beast         Ice/Summ       #.......     100%        4    #####..
 Summon Lightning Spire   Summ/Air       #.......     100%        4    #####..
 Agony                    Necr           #.......     100%        5    ######.
 Bolt of Draining         Conj/Necr      #.........   100%        5    ######.
 Borgnjor's Vile Clutch   Necr/Erth      #.........   100%        5    ######.
 Dispel Undead            Necr           #.......     100%        5    ######.
 Excruciating Wounds      Chrm/Necr      #.........   100%        5    ######.
 Lee's Rapid Deconstruct  Erth           #.........   100%        5    ######.
 Metabolic Englaciation   Hex/Ice        #.........   100%        5    ######.
 Silence                  Hex/Air        #.........   100%        5    ######.
 Summon Mana Viper        Hex/Summ       #.......     100%        5    ######.
 Yara's Violent Unravell  Hex/Tmut       #.........   100%        5    ######.
 Death Channel            Necr           #.........   100%        6    #######
 Deflect Missiles         Chrm/Air       #.........   100%        6    #######
 Simulacrum               Ice/Necr       #.........   100%        6    #######
 Malign Gateway           Summ/Tloc      #.........   100%        7    #######
 Summon Hydra             Summ           #.........   100%        7    #######
 Discord                  Hex            #.........   100%        8    #######


Dungeon Overview and Level Annotations

Branches:
Dungeon (15/15)            Temple (0/1) D:7            Lair (6/6) D:10
  Swamp (4/4) Lair:3        Snake (4/4) Lair:4        Slime (0/5) Lair:5
    Orc (2/2) D:12            Elf (0/3) Orc:2        Vaults (5/5) D:14
  Crypt (0/3) Vaults:3     Depths (0/5) D:15          IceCv (visited)
Gauntlet (visited)

Altars:
Ashenzari
Dithmenos
Gozag
Hepliaklqana
Kikubaaqudgha
Makhleb
Nemelex Xobeh
Qazlal
Ru
Sif Muna
Trog
Uskayaw
Vehumet
Xom
Zin
Beogh
Jiyva

Shops:
D:6 =   D:7 *   D:10 *   D:11 :   D:14 *   D:15 =[   Orc:1 *   Orc:2 :=!?}
Snake:2 (   Snake:4 ?   Vaults:1 ([?   Vaults:5 ?

Annotations:
D:6 1 runed translucent door
Lair:3 1 runed translucent door, Akkey's ghost, journeyman HuAr
Vaults:5 corrupted


Innate Abilities, Weirdness & Mutations

You have hooves in place of feet.
Armour fits poorly on your strangely shaped body.
You cover ground very quickly.
You have extremely tough skin. (AC +3)
Scrolls take you a little longer to read.
Your flesh is cold resistant. (rC+)
Your system is resistant to poisons. (rPois)
Your muscles are strong. (Str +2)
You are occasionally teleported next to monsters.


Message History

* * * LOW HITPOINT WARNING * * *
You block the raiju's attack.
You slash the raiju!
You feel better.
You kick the raiju.
The raiju is severely wounded.
You hit the raiju.
A raiju comes into view.
The raiju bursts into living lightning!
The living lightning misses you.
The living lightning misses the raiju.
The raiju blinks! x2
The raiju bursts into living lightning!
The living lightning hits you!
* * * LOW HITPOINT WARNING * * *
The living lightning misses the raiju.
The raiju blinks!
The raiju bursts into living lightning!
The living lightning hits you!
* * * LOW HITPOINT WARNING * * *
The raiju blinks!
The raiju bursts into living lightning!
The living lightning hits you!
You die...

# .. ..# ....
..## . .. ...# .
...# ## ...#
..#...##.##... #
..........#h#.#
#............#.#
#
..........§.#####
..........@.....#
##
.......h?.###..
###.........##
#..##......§
..........#>.
..#.#.......#.
#..#..#h.###.
##.....# _#


You could see 3 raiju.

Vanquished Creatures
  An ancient lich (Vaults:4)
  Vashnia (Snake:1)
  Frederick (Vaults:2)
  A golden dragon (Vaults:5)
  A lich (Vaults:4)
  A tentacled monstrosity (Vaults:5)
  Asterion (Snake:1)
  A titan (Vaults:5)
  2 quicksilver dragons (Vaults:4)
  Gastronok (Lair:1)
  Frances (Swamp:1)
  2 sphinxes
  4 tentacled starspawn (Abyss:1)
  5 shadow dragons
  A storm dragon (Vaults:5)
  Kirke (Swamp:4)
  5 tengu reavers
  A thorn hunter (Swamp:3)
  Roxanne (Swamp:2)
  4 deep elf sorcerers
  4 fire giants
  7 nagarajas
  6 vault wardens
  Aizul (Snake:1)
  2 frost giants
  A deep elf elementalist (Vaults:4)
  A very ugly thing (Abyss:1)
  14 ironheart preservers
  9 stone giants
  The ghost of Ruemuups the Geomancer, a journeyman GrEE of Vehumet (D:15)
  A war gargoyle (Vaults:2)
  An entropy weaver (Vaults:5)
  4 deep elf annihilators (Vaults:3)
  A red draconian (Vaults:3)
  A lorocyproca (Abyss:1)
  A minotaur (Gauntlet)
  4 ettins
  A blizzard demon (Abyss:1)
  12 ogre magi
  3 fire dragons
  15 yaktaur captains
  4 deep elf high priests
  41 vault guards
  A hydra (Swamp:4)
  A ghost crab (Swamp:3)
  A catoblepas (Lair:3)
  17 naga warriors
  7 ice dragons
  An anaconda (shapeshifter) (Vaults:3)
  2 shambling mangroves
  6 anacondas
  17 alligators
  29 two-headed ogres
  7 centaur warriors
  A dancing weapon (Vaults:4)
  12 death yaks
  The ghost of Zachi the Placeless Halfling, a journeyman HaWr of Ashenzari (D:11)
  2 death knights
  A queen ant (Gauntlet)
  3 deep troll earth magi (Vaults:1)
  14 naga sharpshooters
  A tengu warrior (D:13)
  6 shock serpents
  6 deep elf knights
  A fire crab (Lair:6)
  A fire crab (shapeshifter) (Vaults:4)
  6 skeletal warriors
  10 sea snakes (Snake:4)
  5 unseen horrors
  2 salamander mystics
  3 wizards
  A swamp dragon (Swamp:2)
  A flayed ghost (Vaults:5)
  3 glowing orange brains
  7 deep trolls (Vaults:1)
  7 deep elf archers
  3 naga ritualists
  4 phantasmal warriors
  A lindwurm (Lair:5)
  11 harpies
  Pikel (D:6)
  15 ironbrand convokers
  12 orc knights
  20 deep elf magi
  8 mana vipers
  3 wolf spiders
  A harpy (shapeshifter) (D:15)
  6 orc sorcerers
  2 human zombies (Vaults:2)
  2 necromancers
  15 ugly things
  An orb spider (shapeshifter) (Vaults:5)
  A manticore (D:10)
  12 cyclopes
  A shining eye (Abyss:2)
  11 salamanders
  6 elephants (Lair:5)
  A moth of wrath (shapeshifter) (Vaults:4)
  A fire giant skeleton (Vaults:2)
  24 naga magi
  An ice statue (IceCv)
  8 vault sentinels
  An eye of devastation (Abyss:1)
  25 black mambas
  13 guardian serpents
  An orange demon (Abyss:1)
  2 spiny frogs (shapeshifter)
  30 spiny frogs
  2 gargoyles
  A yaktaur zombie (Vaults:2)
  10 rime drakes
  An efreet (D:13)
  8 komodo dragons
  20 yaktaurs
  2 kobold demonologists
  4 anaconda simulacra (IceCv)
  9 freezing wraiths
  A demonic crawler (Abyss:1)
  5 ice devils
  4 ancient zymes (Abyss:1)
  A golden dragon simulacrum (IceCv)
  A tengu conjurer (D:13)
  8 trolls
  10 tyrant leeches
  2 trolls (shapeshifter)
  6 raiju
  10 hornets
  A wind drake (shapeshifter) (Vaults:1)
  A polar bear (Lair:5)
  34 blink frogs
  27 slime creatures
  6 bog bodies
  A hippogriff (shapeshifter) (Vaults:2)
  19 hippogriffs
  8 dream sheep
  2 centaur simulacra
  52 yaks
  2 dire elephant simulacra (IceCv)
  6 shadows
  2 spriggans
  A wraith (D:8)
  15 wyverns
  A ynoxinul (Abyss:1)
  3 basilisks
  A hungry ghost (D:12)
  A golden eye (shapeshifter) (Vaults:2)
  2 hogs (Swamp:4)
  2 steam dragons
  3 swamp worm simulacra (Swamp:4)
  A chaos spawn (Abyss:1)
  26 vampire mosquitoes
  A swamp worm (shapeshifter) (Vaults:4)
  14 swamp worms
  6 wargs
  2 death yak simulacra (IceCv)
  9 small abominations
  2 iron troll simulacra (IceCv)
  6 large abominations (Abyss:1)
  14 hydra simulacra (Swamp:4)
  4 acid dragons
  3 harpy simulacra (IceCv)
  66 nagas
  28 water moccasins
  5 soldier ants
  A naga (shapeshifter) (Vaults:5)
  A hell hound (Lair:5)
  10 porcupines
  A hornet zombie (D:13)
  A slave (D:6)
  A black bear (shapeshifter) (Vaults:1)
  An alligator simulacrum (IceCv)
  3 ice beasts
  5 swamp drakes
  A black bear (D:5)
  3 eyes of draining
  45 orc warriors
  2 phantoms
  5 sky beasts
  2 boggarts (Vaults:3)
  An ettin simulacrum (IceCv)
  3 wolves (Lair:3)
  40 ogres
  2 necrophages
  32 centaurs
  11 crocodiles
  11 big kobolds
  28 bullfrogs
  A bullfrog (shapeshifter) (Vaults:5)
  2 wyvern skeletons
  A scorpion (D:4)
  An orc simulacrum (Vaults:2)
  15 killer bees
  12 wights
  5 electric eels
  2 howler monkeys
  8 starcursed masses (Abyss:1)
  12 crimson imps
  4 draconian simulacra (IceCv)
  2 quasits
  9 centaur zombies
  6 hounds
  20 orc priests
  3 bullfrog skeletons
  4 bullfrog zombies
  9 jellies
  An iron imp (Abyss:1)
  17 orc wizards
  2 iguanas
  Jessica (D:3)
  6 centaur skeletons
  5 worker ants
  Ijyb (D:3)
  Natasha (twice) (D:3)
  A spriggan simulacrum (IceCv)
  7 troll simulacra (IceCv)
  A lightning spire (Gauntlet)
  2 wolf simulacra (IceCv)
  A hound zombie (D:8)
  A howler monkey skeleton (D:9)
  8 gnolls
  An ogre simulacrum (IceCv)
  23 adders
  A naga simulacrum (IceCv)
  A river rat (D:6)
  11 white imps
  9 shadow imps
  7 ufetubi
  An ooze (D:7)
  5 swamp drake simulacra (Swamp:4)
  An adder zombie (D:8)
  An adder skeleton (D:8)
  2 worms
  4 dart slugs
  7 leopard geckos
  94 orcs
  2 ball pythons
  5 giant cockroaches
  7 goblins
  8 hobgoblins
  16 jackals
  5 quokkas
  4 bats
  9 frilled lizards
  2 jackal skeletons
  35 kobolds
  10 kobold skeletons (D:8)
  8 kobold zombies (D:8)
  A leopard gecko zombie (D:7)
  5 quokka skeletons
  9 rats
  3 starspawn tentacles (Abyss:1)
1758 creatures vanquished.

Vanquished Creatures (others)
  An Ice Fiend (IceCv)
  A shadow dragon (Vaults:5)
  A nagaraja (Snake:4)
  A storm dragon (Vaults:5)
  A dire elephant (Gauntlet)
  An ogre mage (Vaults:5)
  A naga warrior (Snake:4)
  2 yaktaur captains (Vaults:5)
  11 hydras
  A ghost crab (Gauntlet)
  3 two-headed ogres (Vaults:5)
  3 naga sharpshooters
  An unseen horror (D:9)
  The ghost of tmwh the Fighter, a novice TrFi (D:5)
  An ironbrand convoker (Vaults:5)
  An elephant (Gauntlet)
  A vault sentinel (Vaults:5)
  2 guardian serpents (D:9)
  An anaconda simulacrum (IceCv)
  2 yaktaurs
  A hog (Swamp:4)
  A death yak simulacrum (IceCv)
  A hydra simulacrum (IceCv)
  An orc warrior (Orc:1)
  A boggart (Vaults:3)
  4 humans
  An ogre (Vaults:5)
  2 centaurs (Vaults:3)
  An adder (shapeshifter) (Vaults:5)
  An ufetubus (IceCv)
  4 orcs
  30 fungi
  60 plants
  17 starspawn tentacles
  14 withered plants (Gauntlet)
176 creatures vanquished.

Grand Total: 1934 creatures vanquished

Notes
Turn   | Place    | Note
-------+----------+-------------------------------------------
     0 | Abyss:1  | Gargoyl the Centaur Abyssal Knight began the quest for the
                  | Orb.
     0 | Abyss:1  | Reached XP level 1. HP: 19/19 MP: 2/2
    30 | Abyss:2  | Noticed a shining eye
    32 | Abyss:2  | Gained mutation: You are clumsy. (Dex -2) [a shining eye]
    33 | Abyss:2  | Gained mutation: Your body sometimes deteriorates upon
                  | taking damage. [a shining eye]
    35 | Abyss:2  | Gained mutation: You tend to lose your temper in combat. [a
                  | shining eye]
    38 | Abyss:2  | Gained mutation: You often lose your temper in combat. [a
                  | shining eye]
    41 | Abyss:2  | Killed a shining eye
    41 | Abyss:2  | Reached skill level 5 in Fighting
    41 | Abyss:2  | Reached skill level 3 in Invocations
    41 | Abyss:2  | Reached XP level 2. HP: 30/30 MP: 2/4
    41 | Abyss:2  | Reached XP level 3. HP: 37/37 MP: 2/5
    41 | Abyss:2  | Reached XP level 4. HP: 44/44 MP: 2/6
    41 | Abyss:2  | Reached XP level 5. HP: 50/50 MP: 2/7
    41 | Abyss:2  | Reached XP level 6. HP: 57/57 MP: 2/8
   104 | Abyss:2  | Noticed a small abomination
   114 | Abyss:2  | Killed a small abomination
   118 | Abyss:2  | Noticed a smoke demon
   124 | Abyss:3  | Got a shimmering scimitar
   125 | Abyss:3  | Identified the +7 scimitar of the Hand {drain, -Tele rF+
                  | Int+6} (You found it on level 3 of the Abyss)
   144 | Abyss:5  | Entered Level 5 of the Abyss
   144 | Abyss:5  | Found a corrupted altar of Lugonu.
   144 | Abyss:5  | Found a corrupted altar of Lugonu.
   145 | D:1      | Escaped the Abyss
   263 | D:1      | Reached * piety under Lugonu
   419 | D:1      | Reached XP level 7. HP: 63/64 MP: 9/9
  1108 | D:2      | Found a bloodstained altar of Trog.
  1140 | D:2      | Reached ** piety under Lugonu
  1152 | D:2      | Found a hide-covered altar of Uskayaw.
  1176 | D:2      | Reached skill level 1 in Dodging
  1277 | D:2      | Reached skill level 1 in Long Blades
  1489 | D:2      | Found a hazy altar of Hepliaklqana.
  1700 | D:3      | Found a shadowy altar of Dithmenos.
  1872 | D:3      | Noticed Ijyb
  1875 | D:3      | Noticed Natasha
  1883 | D:3      | Killed Ijyb
  1886 | D:3      | Killed Natasha
  1923 | D:3      | Noticed Jessica
  1938 | D:3      | Reached *** piety under Lugonu
  1942 | D:3      | Killed Jessica
  2165 | D:3      | Noticed Natasha
  2170 | D:3      | Killed Natasha
  2378 | D:3      | Found a stormy altar of Qazlal.
  2599 | D:4      | Reached skill level 4 in Invocations
  2901 | D:4      | Found a shimmering altar of Xom.
  2902 | D:4      | Lost mutation: You are clumsy. (Dex -2) [potion of
                  | mutation]
  2902 | D:4      | Lost mutation: Your body sometimes deteriorates upon taking
                  | damage. [potion of mutation]
  2902 | D:4      | Lost mutation: You often lose your temper in combat.
                  | [potion of mutation]
  2902 | D:4      | Gained mutation: Your spells are a little easier to cast,
                  | but a little less powerful. [potion of mutation]
  2902 | D:4      | Gained mutation: You can translocate small distances at
                  | will. [potion of mutation]
  2902 | D:4      | Gained mutation: Your mind is acute. (Int +2) [potion of
                  | mutation]
  3197 | D:4      | Reached XP level 8. HP: 67/71 MP: 11/11
  3210 | D:4      | Lost mutation: Your mind is acute. (Int +2) [potion of
                  | mutation]
  3210 | D:4      | Lost mutation: Your spells are a little easier to cast, but
                  | a little less powerful. [potion of mutation]
  3210 | D:4      | Lost mutation: You can translocate small distances at will.
                  | [potion of mutation]
  3210 | D:4      | Lost mutation: You tend to lose your temper in combat.
                  | [potion of mutation]
  3210 | D:4      | Gained mutation: You expend magic power (3 MP) to
                  | strengthen your wands. [potion of mutation]
  3210 | D:4      | Gained mutation: You are agile. (Dex +2) [potion of
                  | mutation]
  3210 | D:4      | Gained mutation: You possess an exceptional clarity of
                  | mind. [potion of mutation]
  3210 | D:4      | Gained mutation: You have an increased reservoir of magic.
                  | (+10% MP) [potion of mutation]
  3373 | D:5      | Entered Level 5 of the Dungeon
  3898 | D:5      | Reached **** piety under Lugonu
  4375 | D:6      | Noticed Pikel
  4399 | D:6      | Killed Pikel
  4399 | D:6      | Reached skill level 5 in Invocations
  4399 | D:6      | Reached XP level 9. HP: 66/79 MP: 12/14
  4482 | D:6      | Found a runed translucent door.
  4486 | D:6      | Noticed tmwh's ghost (novice TrFi)
  4813 | D:6      | Found Ynaachem's Jewellery Shoppe.
  5015 | D:6      | Bought a +4 ring of dexterity for 351 gold pieces
  5019 | D:6      | Found a runed translucent door.
  5051 | D:6      | Reached skill level 5 in Long Blades
  5666 | D:5      | Banished tmwh's ghost
  5978 | D:7      | Found Huseost's Assorted Antiques.
  5995 | D:7      | Reached skill level 5 in Armour
  6119 | D:7      | Identified the Guide on Talismans and the Rocks
  6180 | D:7      | Found a staircase to the Ecumenical Temple.
  6289 | D:7      | Found a sacrificial altar of Ru.
  6292 | D:7      | Found a glowing silver altar of Zin.
  6312 | D:7      | Found a burning altar of Makhleb.
  6885 | D:7      | Reached skill level 6 in Invocations
  7358 | D:8      | Reached XP level 10. HP: 74/86 MP: 16/16
  7846 | D:8      | Found an opulent altar of Gozag.
  7847 | D:8      | Found a sparkling altar of Nemelex Xobeh.
  8213 | D:8      | Reached ***** piety under Lugonu
  8387 | D:8      | Found an ancient bone altar of Kikubaaqudgha.
  8904 | D:7      | Bought a shield for 148 gold pieces
  8909 | D:7      | Bought a scroll labeled AGHEHI SANWIUD for 33 gold pieces
  9036 | D:8      | Found a shattered altar of Ashenzari.
  9456 | D:9      | Banished an unseen horror
  9823 | D:9      | Noticed a guardian serpent
  9835 | D:9      | Banished a guardian serpent
  9835 | D:9      | Reached skill level 7 in Invocations
 10419 | D:9      | Noticed a guardian serpent
 10425 | D:9      | Banished a guardian serpent
 11290 | D:10     | Entered Level 10 of the Dungeon
 11493 | D:9      | Reached XP level 11. HP: 35/93 MP: 18/18
 11817 | D:9      | Found a shimmering blue altar of Sif Muna.
 12503 | D:10     | Found a staircase to the Lair.
 12531 | D:10     | Reached skill level 1 in Shields
 12806 | D:10     | Found Cakk's General Store.
 13498 | D:10     | Found an ancient bone altar of Kikubaaqudgha.
 13582 | Lair:1   | Entered Level 1 of the Lair of Beasts
 13616 | Lair:1   | Noticed Gastronok
 13616 | Lair:1   | Noticed a four-headed hydra
 13836 | Lair:1   | Reached skill level 8 in Invocations
 13999 | Lair:1   | Reached skill level 5 in Dodging
 15021 | Lair:1   | Banished a four-headed hydra
 15125 | Lair:1   | Killed Gastronok
 15125 | Lair:1   | Reached XP level 12. HP: 91/103 MP: 20/20
 15556 | Lair:2   | Reached skill level 9 in Invocations
 15779 | Lair:2   | Got a bloodstained crystal plate armour
 15827 | Lair:2   | Identified the +13 crystal plate armour of Kanyerye {+Inv
                  | rPois rCorr Dex-4} (You found it on level 2 of the Lair of
                  | Beasts)
 17181 | Lair:2   | Reached skill level 10 in Long Blades
 17417 | Lair:2   | Found the +8 whip "Snakebite" {curare, rPois}
 17990 | Lair:3   | Found a stormy altar of Qazlal.
 18238 | Lair:3   | Noticed a catoblepas
 18261 | Lair:3   | Killed a catoblepas
 18609 | Lair:3   | Found a staircase to the Swamp.
 18651 | Lair:3   | Found a runed translucent door.
 18651 | Lair:3   | Found a shimmering altar of Xom.
 18651 | Lair:3   | Noticed Akkey's ghost (journeyman HuAr)
 19472 | Lair:4   | Reached ****** piety under Lugonu
 19498 | Lair:4   | Reached XP level 13. HP: 79/111 MP: 22/22
 19513 | Lair:4   | Found a gate leading to a gauntlet.
 19522 | Gauntlet | Entered a Gauntlet
 19522 | Gauntlet | Found a transporter.
 19616 | Gauntlet | Found a transporter.
 19628 | Gauntlet | Found a transporter.
 19628 | Gauntlet | Found a transporter.
 19636 | Gauntlet | Found a large runed translucent door.
 19636 | Gauntlet | Found a large runed translucent door.
 19637 | Gauntlet | Found a large runed translucent door.
 19637 | Gauntlet | Found a large runed translucent door.
 19639 | Gauntlet | Found a transporter.
 19655 | Gauntlet | Found a large runed translucent door.
 19655 | Gauntlet | Found a large runed translucent door.
 19655 | Gauntlet | Found a runed translucent door.
 19655 | Gauntlet | Found a runed translucent door.
 19655 | Gauntlet | Found a large runed translucent door.
 19656 | Gauntlet | Found a large runed translucent door.
 19657 | Gauntlet | Found a large runed translucent door.
 19658 | Gauntlet | Found a large runed translucent door.
 19664 | Gauntlet | Found a transporter.
 19667 | Gauntlet | Found a transporter.
 19688 | Gauntlet | Reached skill level 10 in Invocations
 19816 | Gauntlet | Found a large runed translucent door.
 19816 | Gauntlet | Found a transporter.
 19828 | Gauntlet | Got a steaming glass ring
 19834 | Gauntlet | Identified the ring "Dootoguumil" {rPois MR+} (You found it
                  | in a Gauntlet)
 19882 | Gauntlet | Found a transporter.
 19883 | Gauntlet | Noticed a dire elephant
 19884 | Gauntlet | Found a transporter.
 19890 | Gauntlet | Corrupted Gauntlet
 19890 | Gauntlet | Noticed a tentacled starspawn
 19890 | Gauntlet | Noticed a starcursed mass
 19890 | Gauntlet | Noticed a cacodemon
 19891 | Gauntlet | Noticed a hellephant
 19896 | Gauntlet | Noticed a starcursed mass
 19897 | Gauntlet | Killed a dire elephant
 19899 | Gauntlet | Noticed a tentacled starspawn
 19904 | Gauntlet | Noticed a profane servitor
 19906 | Gauntlet | Noticed a tentacled starspawn
 19917 | Gauntlet | Found a transporter.
 19929 | Gauntlet | Found a runed translucent door.
 19931 | Gauntlet | Found a large runed translucent door.
 19939 | Gauntlet | Found a large runed translucent door.
 19940 | Gauntlet | Found a large runed translucent door.
 19942 | Gauntlet | Found a large runed translucent door.
 19948 | Gauntlet | Found a large runed translucent door.
 19973 | Gauntlet | Found a transporter.
 19973 | Gauntlet | Identified the amulet of Wirinuis {Reflect rF+ rC+ SH+4
                  | SInv}
 19991 | Gauntlet | Found a transporter.
 20044 | Gauntlet | Found a transporter.
 20069 | Gauntlet | Found a transporter.
 20095 | Gauntlet | Found a transporter.
 20365 | Gauntlet | Found a transporter.
 20384 | Gauntlet | Found the cursed necklace of Bloodlust {*Rage +Rage MR++
                  | Int-3 Slay+6 *Curse}
 20384 | Gauntlet | Found a transporter.
 20393 | Gauntlet | Got a distressingly furry helmet
 20996 | Gauntlet | Identified the +0 helmet of Agoraphobia {Str+3} (You found
                  | it in a Gauntlet)
 21034 | Gauntlet | Identified the ring of Greed {rF+ rC- MR++ Dex+4}
 21034 | Gauntlet | Noticed a minotaur
 21048 | Gauntlet | Killed a minotaur
 21729 | Lair:4   | Found a staircase to the Snake Pit.
 22997 | Lair:5   | Reached skill level 10 in Fighting
 23066 | Lair:5   | Found a viscous altar of Jiyva.
 23066 | Lair:5   | Found a staircase to the Slime Pits.
 23614 | Lair:5   | Reached skill level 11 in Invocations
 23651 | Lair:5   | Reached XP level 14. HP: 63/121 MP: 24/24
 24239 | Lair:5   | Reached skill level 10 in Armour
 24702 | Lair:5   | Identified a scroll of acquirement
 24966 | Lair:6   | Entered Level 6 of the Lair of Beasts
 26480 | Lair:6   | Reached skill level 5 in Shields
 26876 | Lair:6   | Identified the Volume of Dusty Creation
 26985 | Lair:6   | Got a wavering diamond amulet
 26986 | Lair:6   | Identified the amulet "Bapsecze" {Acrobat +Blink Str+5
                  | Dex+3} (You acquired it on level 6 of the Lair of Beasts)
 27378 | D:11     | Upgraded the game from 0.25-a0-21-ga5a8db46c7 to
                  | 0.25-a0-24-g72dcfe0359
 27654 | D:11     | Found Qonuotim's Book Shoppe.
 27706 | D:11     | Reached XP level 15. HP: 128/128 MP: 26/26
 27718 | D:11     | Reached skill level 12 in Invocations
 27900 | D:11     | Found a runed translucent door.
 27902 | D:11     | Noticed Zachi's ghost (journeyman HaWr)
 28346 | D:11     | Killed Zachi's ghost
 28686 | D:12     | Found a staircase to the Orcish Mines.
 30610 | D:14     | Found a gate to the Vaults.
 30992 | D:14     | Found Vuicroch's Assorted Antiques.
 31198 | D:14     | Identified the Grimoire of Poisoning and the Compass
 31212 | D:14     | Bought a potion of heal wounds for 135 gold pieces
 31212 | D:14     | Bought a scroll of teleportation for 81 gold pieces
 31212 | D:14     | Bought a scroll of teleportation for 81 gold pieces
 31791 | D:14     | Paralysed by an orc sorcerer for 6 turns
 32049 | D:15     | Entered Level 15 of the Dungeon
 32166 | D:15     | Found a shimmering altar of Xom.
 32304 | D:15     | Found Gutsol's Jewellery Emporium.
 32329 | D:15     | Noticed a shadow dragon
 32331 | D:15     | Found a runed translucent gate.
 32331 | D:15     | Found a runed translucent gate.
 32331 | D:15     | Found a runed translucent gate.
 32333 | D:15     | Noticed Ruemuups's ghost (journeyman GrEE)
 32438 | D:15     | Found Nimyugaq's Antique Armour Boutique.
 32699 | D:15     | Found a staircase to the Depths.
 32771 | D:15     | Reached XP level 16. HP: 137/137 MP: 28/28
 33046 | D:15     | Killed a shadow dragon
 33339 | D:15     | Killed Ruemuups's ghost
 33709 | Orc:1    | Entered Level 1 of the Orcish Mines
 34435 | Orc:2    | Entered Level 2 of the Orcish Mines
 34452 | Orc:2    | Gained mutation: You are frail. (-10% HP) [a neqoxec]
 34492 | Orc:2    | Found a staircase to the Elven Halls.
 34530 | Orc:1    | Found Paprist's Mass Market.
 34816 | Orc:2    | Found Isasitis's Book Shop.
 34870 | Orc:2    | Found a radiant altar of Vehumet.
 35643 | Orc:2    | Reached skill level 13 in Invocations
 35749 | Orc:2    | Found Pank's Distillery.
 35749 | Orc:2    | Found Kytebb's Magic Scroll Boutique.
 35751 | Orc:2    | Found Jime's Gadget Shop.
 35753 | Orc:2    | Found Wathy's Jewellery Emporium.
 35758 | Orc:2    | Bought 3 scrolls of enchant weapon for 382 gold pieces
 35770 | Orc:2    | Bought the ring "Apaef" {rF+ rC+ Stlth+} for 710 gold
                  | pieces
 36337 | Orc:2    | Found a roughly hewn altar of Beogh.
 36601 | Snake:1  | Entered Level 1 of the Snake Pit
 37028 | Snake:1  | Found a sparkling altar of Nemelex Xobeh.
 37117 | Snake:1  | Found the +10 Black Knight's horse barding {ponderous,
                  | rPois rN+}
 37240 | Snake:1  | Noticed Asterion
 37241 | Snake:1  | Noticed an Executioner
 37888 | Snake:1  | Escaped the Abyss
 38053 | Snake:1  | Noticed Aizul
 38072 | Snake:1  | Killed Aizul
 39751 | Snake:2  | Noticed Vashnia
 39947 | Snake:1  | Killed Vashnia
 39998 | Snake:1  | Gained mutation: You do not regenerate when monsters are
                  | visible. [a cacodemon]
 40204 | Snake:1  | Killed Asterion
 40204 | Snake:1  | Reached XP level 17. HP: 55/131 MP: 29/29
 40463 | Snake:2  | Found Quschip's Antique Weapon Shoppe.
 42392 | Snake:4  | Entered Level 4 of the Snake Pit
 43448 | Snake:4  | Reached skill level 14 in Invocations
 44346 | Snake:4  | Found Ibbote Onlyr's Magic Scroll Shoppe.
 44354 | Snake:4  | Bought a scroll of brand weapon for 340 gold pieces
 44354 | Snake:4  | Bought a scroll of enchant weapon for 127 gold pieces
 44354 | Snake:4  | Bought a scroll of enchant weapon for 127 gold pieces
 44354 | Snake:4  | Bought a scroll of enchant armour for 127 gold pieces
 45503 | Snake:4  | Reached skill level 10 in Dodging
 47584 | Snake:4  | Reached XP level 18. HP: 130/139 MP: 31/31
 48043 | Snake:4  | Got a serpentine rune of Zot
 48365 | Vaults:1 | Entered Level 1 of the Vaults
 48413 | Vaults:1 | Found Pumehub's Magic Scroll Shoppe.
 48745 | Vaults:1 | Lost mutation: You are agile. (Dex +2) [potion of mutation]
 48745 | Vaults:1 | Gained mutation: You have supernaturally acute eyesight.
                  | (SInv) [potion of mutation]
 48745 | Vaults:1 | Lost mutation: You have an increased reservoir of magic.
                  | (+10% MP) [potion of mutation]
 48745 | Vaults:1 | Lost mutation: You possess an exceptional clarity of mind.
                  | [potion of mutation]
 48745 | Vaults:1 | Gained mutation: You have a pair of small antennae on your
                  | head. [potion of mutation]
 49011 | D:14     | Lost mutation: You do not regenerate when monsters are
                  | visible. [potion of mutation]
 49011 | D:14     | Lost mutation: You have a pair of small antennae on your
                  | head. [potion of mutation]
 49011 | D:14     | Lost mutation: You are frail. (-10% HP) [potion of
                  | mutation]
 49011 | D:14     | Lost mutation: You have supernaturally acute eyesight.
                  | (SInv) [potion of mutation]
 49011 | D:14     | Gained mutation: Your spells are a little easier to cast,
                  | but a little less powerful. [potion of mutation]
 49011 | D:14     | Gained mutation: You are frail. (-10% HP) [potion of
                  | mutation]
 49011 | D:14     | Gained mutation: Scrolls take you a little longer to read.
                  | [potion of mutation]
 49011 | D:14     | Gained mutation: You are resistant to electric shocks.
                  | (rElec) [potion of mutation]
 49012 | D:14     | Lost mutation: Your spells are a little easier to cast, but
                  | a little less powerful. [potion of mutation]
 49012 | D:14     | Lost mutation: You are frail. (-10% HP) [potion of
                  | mutation]
 49012 | D:14     | Lost mutation: You expend magic power (3 MP) to strengthen
                  | your wands. [potion of mutation]
 49012 | D:14     | Gained mutation: Your mind is acute. (Int +2) [potion of
                  | mutation]
 49012 | D:14     | Gained mutation: You are occasionally teleported next to
                  | monsters. [potion of mutation]
 49012 | D:14     | Gained mutation: You are somewhat resistant to further
                  | mutation. [potion of mutation]
 49165 | Swamp:1  | Entered Level 1 of the Swamp
 49232 | Swamp:1  | Found a frozen archway.
 49251 | IceCv    | Entered an ice cave
 49767 | IceCv    | Lost mutation: Your mind is acute. (Int +2) [potion of
                  | mutation]
 49767 | IceCv    | Lost mutation: Scrolls take you a little longer to read.
                  | [potion of mutation]
 49767 | IceCv    | Gained mutation: Your flesh is cold resistant. (rC+)
                  | [potion of mutation]
 50055 | IceCv    | Noticed an Ice Fiend
 51236 | IceCv    | Escaped the Abyss
 51237 | IceCv    | Corrupted IceCv
 51237 | IceCv    | Noticed a bone dragon
 51237 | IceCv    | Noticed a lich
 51244 | IceCv    | Killed an Ice Fiend
 51366 | Swamp:1  | Noticed Frances
 51383 | Swamp:1  | Killed Frances
 52227 | Swamp:2  | Identified Roxanne's Reference Book on the Mountains
 52227 | Swamp:2  | Noticed Roxanne
 52256 | Swamp:2  | Killed Roxanne
 54159 | Swamp:3  | Reached skill level 15 in Invocations
 54925 | Swamp:4  | Entered Level 4 of the Swamp
 55030 | Swamp:4  | Noticed Kirke
 55061 | Swamp:4  | Killed Kirke
 55838 | Swamp:4  | Got a decaying rune of Zot
 57069 | Vaults:1 | Reached XP level 19. HP: 161/163 MP: 30/30
 57164 | Vaults:1 | Reached skill level 10 in Shields
 57608 | Vaults:1 | Found Seura's Antique Armour Shop.
 58234 | Vaults:1 | Found Acwos's Weapon Boutique.
 59181 | Vaults:2 | Cast into level 3 of the Abyss (a deep elf sorcerer)
 59181 | Abyss:3  | Found a corrupted altar of Lugonu.
 59277 | Vaults:2 | Escaped the Abyss
 62173 | Vaults:3 | Reached skill level 15 in Long Blades
 62197 | Vaults:3 | Noticed Frederick
 62398 | Vaults:3 | Reached XP level 20. HP: 145/173 MP: 31/31
 62588 | Vaults:2 | Killed Frederick
 63063 | Vaults:3 | Reached skill level 16 in Invocations
 63598 | Vaults:3 | Found a staircase to the Crypt.
 65469 | Vaults:4 | Lost mutation: You are somewhat resistant to further
                  | mutation. [potion of mutation]
 65469 | Vaults:4 | Lost mutation: You are resistant to electric shocks.
                  | (rElec) [potion of mutation]
 65469 | Vaults:4 | Gained mutation: Scrolls take you a little longer to read.
                  | [potion of mutation]
 65469 | Vaults:4 | Gained mutation: Your system is resistant to poisons.
                  | (rPois) [potion of mutation]
 65469 | Vaults:4 | Gained mutation: Your muscles are strong. (Str +2) [potion
                  | of mutation]
 66544 | Vaults:5 | Entered Level 5 of the Vaults
 66545 | Vaults:5 | Corrupted Vaults:5
 67269 | Vaults:4 | Reached XP level 21. HP: 176/182 MP: 33/33
 68137 | Vaults:5 | Noticed a golden dragon
 68152 | Vaults:5 | Killed a golden dragon
 69128 | Vaults:5 | Noticed a golden dragon
 69900 | Vaults:5 | Found Xypsuod's Magic Scroll Boutique.
 69909 | Vaults:5 | Bought a scroll of teleportation for 57 gold pieces
 69909 | Vaults:5 | Bought a scroll of enchant weapon for 142 gold pieces
 69927 | Vaults:5 | Noticed an ancient lich
 70102 | Abyss:1  | Found a corrupted altar of Lugonu.
 70108 | Vaults:5 | Escaped the Abyss
 70645 | Abyss:1  | Reached skill level 17 in Invocations
 70968 | Abyss:1  | Paralysed by accursed screaming for 1 turns
 71301 | Vaults:5 | Escaped the Abyss
 71385 | Vaults:4 | Got an ancient double sword
 71388 | Vaults:4 | Identified the +9 double sword of Shrieking Terror
                  | {protect, Dex+5} (You acquired it on level 4 of the Vaults)
 71523 | Vaults:4 | Killed an ancient lich
 71830 | Vaults:5 | Identified the cursed +1 falchion of the Land of Plenty
                  | {freeze, rF++ MR+ Dex+4}
 71845 | Vaults:5 | Identified the cursed +1 chain mail of Lies {-Cast Regen+
                  | rCorr Slay+6}
 72124 | Abyss:1  | Found a shattered altar of Ashenzari.
 72126 | Abyss:1  | HP: 7/183 [raiju/living lightning (9)]
 72126 | Abyss:1  | Killed from afar by a raiju

Levels and vault maps discovered:
D:1:      dpeg_arrival_pond, layout_basic, kennysheep_decorative_pillar
D:2:      layout_rooms, bloody_trog, marbit_many_paths,
          overflow_temple_1_default
D:3:      layout_basic, nicolae_overflow_crystal_walls,
          nicolae_qazlal_general_emergency, nicolae_underground_beach,
          uniq_jessica, uniq_ijyb, uniq_natasha
D:4:      layout_loops_cross, kennysheep_mini_moat, first_ration,
          minmay_tree_intersection, minmay_cupped
D:5:      layout_loops_cross, hangedman_glass_teeth
D:6:      layout_loops_corners, ebering_ghost_sewer_f, minivault_25,
          st_stairs_7, minmay_shop_grid_forest, uniq_pikel
D:7:      layout_loops_ring, makhleb_grotto_becter, minitemple,
          minmay_temple_entry_proselytizer, serial_shops, shop, the_bakery
D:8:      wander_kiku_kobolds, layout_basic, grunt_temple_overflow_opulence,
          cheibrodos_ashenzari_chains
D:9:      nrook_guardian_serpent_snake_passage, layout_gridville,
          lemuel_doored_altar, chequers_serial_rivers_room_b
D:10:     layout_gridville, lair_entry_dummy, serial_shops, shop,
          tgw_kikubaaqudgha
D:11:     layout_loops_ring, ebering_ghost_reflecting_pool, serial_shops, shop,
          minmay_pinched_square
D:12:     layout_basic, david_orc_1_choice
D:13:     layout_loops_corners, minmay_nine_imps
D:14:     layout_roguey, erik_vaults_2, serial_shops,
          nicolae_shop_overgrown_old_shop, minmay_misc_feat_nine_boxes,
          abandoned_shop, nrook_guardian_serpent_ordinary
D:15:     grunt_enter_depths_magical_seal, layout_basic, nrook_pool_corridor,
          basic_altar, gammafunk_ghost_split, serial_shops,
          nicolae_shop_temple_entry_statues_fountains, nicolae_shop_statue_plus,
          chequers_serial_rivers_marsh
Lair:1:   layout_long_grid, uniq_gastronok
Lair:2:   minmay_guarded_unrand_snakebite, layout_concentric_octagons
Lair:3:   layout_layer_cave, skrybe_swamp_entry_bodies, basic_altar,
          ebering_ghost_xom, serial_bayou_shore_a, infiniplex_staircase_pool
Lair:4:   layout_small_grid, minmay_snake_entry_six_corridors,
          gauntlet_entry_generic, serial_bayou_pond_c
Lair:5:   layout_layer_cave, slime_altar_1, special_room
          [special_room_mythical_zoo], serial_rivers,
          chequers_serial_rivers_small_3, chequers_serial_rivers_large_b,
          chequers_serial_rivers_marsh, chequers_serial_rivers_marsh,
          chequers_serial_rivers_micro_a, chequers_serial_rivers_micro_b,
          grunt_megastairs_3
Lair:6:   minmay_lair_end_frog_pond, layout_regular_city
Swamp:1:  layout_basic_swamp, portal_ice_cave_entry_dragon,
          evilmike_swamp_ruin_house_4, uniq_frances
Swamp:2:  layout_falls_marsh, nicolae_swamp_orc_logging_accident, uniq_roxanne
Swamp:3:  layout_basic_swamp, evilmike_swamp_ruin_house_1
Swamp:4:  swamp_icy, layout_basic_swamp, infiniplex_staircase_pool_2, uniq_kirke
Snake:1:  layout_misc_corridors, special_room, basic_altar, uniq_asterion,
          uniq_aizul
Snake:2:  layout_misc_corridors, serial_shops, nicolae_shop_behind_doors,
          uniq_vashnia
Snake:3:  layout_rooms, st_stairs_14
Snake:4:  grunt_snake_rune_pools, layout_cave_town, serial_shops, shop
Orc:1:    layout_caves, minmay_shop_mass
Orc:2:    st_orc_rangers, layout_caves, serial_shops, shop, basic_altar,
          lemuel_statue_altar
Vaults:1: hangedman_vaults_locks, vaults_dpeg_cross, v_alt_pattern_6,
          ontoclasm_vaults_bender, v_misc_15,
          nicolae_vaults_stairing_the_circle, grunt_vaults_hallway_long,
          vaults_dpeg_doors, vaults_dpeg_encased_lava,
          hangedman_vaults_stretched_pinwheel, hangedman_vaults_stagger,
          nicolae_vaults_windows_and_doors_thing, nicolae_vaults_gold_heap,
          layout_vaults_omnibox, serial_shops, nicolae_shop_window_shopping,
          nicolae_shop_stone, shop_fountains
Vaults:2: v_misc_27, v_rooms_3, vaults_standard_mumra_enter_the_diamond,
          hangedman_vaults_slice, layout_vaults_chaotic_city
Vaults:3: st_greater_box_5, v_pattern_1, vaults_room_ringed_pool,
          ontoclasm_vaults_misaligned, vaults_room_corners,
          layout_vaults_omnigrid, uniq_frederick
Vaults:4: vaults_mumra_hex, vaults_dpeg_spiral, nicolae_vaults_little_squares_5,
          nicolae_vaults_angled_halls, vaults_room_boxed,
          hangedman_vaults_corner_blocks, grunt_vaults_focal, v_rooms_1,
          vaults_room_hallway, v_alt_pattern_2, nicolae_vaults_shelves_hall,
          vaults_room_door_hall, ontoclasm_vaults_shuriken,
          nicolae_vaults_little_squares_3, vaults_room_pools,
          layout_vaults_big_cross
Vaults:5: serial_shops
Abyss:1:  minivault_4, evilmike_abyss_exit_mutagenic, evilmike_abyss_exit_2,
          hangedman_classic_abyss_death, abyss_greek_temple

Skill      XL: |  1  2  3  4  5  6  7  8  9 10 11 12 13 14 15 16 17 18 19 20 21 |
---------------+----------------------------------------------------------------+-----
Fighting       | 5 6 7 8 9 10 11 12 13 14 | 14.9
Axes           | 2 3 4 |  4.8
Armour         | 2 3 4 5 6 8 9 10 11 12 13 14 | 14.7
Invocations    | 3 4 5 6 7 8 9 11 12 13 14 15 16 17 | 17.2
Dodging        | 1 2 3 4 5 6 7 8 9 10 11 12 | 12.4
Long Blades    | 2 4 6 7 9 10 11 12 13 14 15 | 15.6
Shields        | 1 2 3 5 6 7 8 9 10 11 12 | 12.7

Action                   |  1- 3 |  4- 6 |  7- 9 | 10-12 | 13-15 | 16-18 | 19-21 || total
-------------------------+-------+-------+-------+-------+-------+-------+-------++-------
Melee: Hand axe          |     5 |     7 |       |       |       |       |       ||    12
       Kick              |     1 |     7 |    68 |   228 |   667 |  1030 |  1121 ||  3122
       Scimitar          |       |    23 |   360 |   697 |  1706 |  2459 |  2213 ||  7458
       Broad axe         |       |       |       |       |       |   218 |    57 ||   275
Throw: Javelin           |       |       |       |       |     1 |       |       ||     1
Invok: Depart the Abyss  |       |     1 |       |       |       |     2 |     3 ||     6
       Banish            |       |       |     2 |     6 |    12 |    10 |     1 ||    31
       Bend Space        |       |       |       |       |     2 |     9 |     2 ||    13
       Corrupt           |       |       |       |       |     1 |     1 |     1 ||     3
       Enter the Abyss   |       |       |       |       |       |     2 |     3 ||     5
  Use: Potion            |     1 |       |    12 |     2 |     2 |    12 |    10 ||    39
       Scroll            |     1 |       |    10 |    12 |    21 |    28 |    11 ||    83
 Stab: Confused          |       |       |       |       |       |     2 |       ||     2
       Petrifying        |       |       |       |       |       |       |     3 ||     3
       Petrified         |       |       |       |       |       |       |     3 ||     3
       Distracted        |       |       |       |       |       |       |     2 ||     2
  Eat: Chunk             |       |       |    13 |    19 |    38 |    24 |    37 ||   131
       Ration            |       |       |     1 |     5 |     2 |    16 |     3 ||    27
Armor: Scale mail        |       |    18 |    35 |       |       |       |       ||    53
       Plate armour      |       |       |   236 |   433 |       |       |       ||   669
       Crystal plate arm |       |       |       |   176 |  1309 |  2147 |  1395 ||  5027
Dodge: Dodged            |       |    13 |    67 |   127 |   142 |   443 |   518 ||  1310
Block: Shield            |       |       |       |   236 |   857 |  2423 |  1897 ||  5413
       Reflection        |       |       |       |       |       |   141 |    69 ||   210
       Rpst.: Scimitar   |       |     6 |    24 |    33 |    43 |    63 |    99 ||   268

Table legend:
 A = Non-vault XP
 B = Vault XP
 C = Vault XP percentage of total XP
 D = Non-vault monster count
 E = Vault monster count
 F = Vault count percentage of total count
                 A         B        C        D         E       F
            +---------+---------+-------+---------+---------+-------
      Total |  385372 |  315472 |  45.0 |    1166 |     621 |  34.8
            +---------+---------+-------+---------+---------+-------
        D:1 |      59 |       3 |   4.8 |      26 |       2 |   7.1
        D:2 |     133 |      13 |   8.9 |      30 |       1 |   3.2
        D:3 |     165 |     107 |  39.3 |      29 |       3 |   9.4
        D:4 |     284 |       3 |   1.0 |      13 |       2 |  13.3
        D:5 |     749 |     424 |  36.1 |      33 |       1 |   2.9
        D:6 |     347 |     935 |  72.9 |       5 |       8 |  61.5
        D:7 |     948 |     292 |  23.5 |      28 |       3 |   9.7
        D:8 |    1570 |    1312 |  45.5 |      23 |      52 |  69.3
        D:9 |    3857 |     588 |  13.2 |      28 |       2 |   6.7
       D:10 |    3037 |       0 |   0.0 |      31 |       0 |   0.0
       D:11 |    4526 |    6156 |  57.6 |      28 |      16 |  36.4
       D:12 |    7571 |     722 |   8.7 |      50 |       9 |  15.3
       D:13 |    9079 |    6310 |  41.0 |      36 |      15 |  29.4
       D:14 |   12671 |    2829 |  18.3 |      27 |       4 |  12.9
       D:15 |    6748 |    8858 |  56.8 |      15 |      16 |  51.6
     Lair:1 |    5213 |    2317 |  30.8 |      21 |       1 |   4.5
     Lair:2 |    8975 |    1394 |  13.4 |      36 |      12 |  25.0
     Lair:3 |    4863 |     257 |   5.0 |      26 |       1 |   3.7
     Lair:4 |   12168 |    1134 |   8.5 |      35 |      14 |  28.6
     Lair:5 |   14264 |    7080 |  33.2 |      34 |      28 |  45.2
     Lair:6 |    9484 |   10887 |  53.4 |      37 |      43 |  53.8
    Swamp:1 |    5352 |    3244 |  37.7 |      18 |       2 |  10.0
    Swamp:2 |    8950 |    1919 |  17.7 |      27 |       1 |   3.6
    Swamp:3 |   19325 |       0 |   0.0 |      33 |       0 |   0.0
    Swamp:4 |    6286 |    9151 |  59.3 |      16 |      33 |  67.3
    Snake:1 |   13906 |    9386 |  40.3 |      30 |       3 |   9.1
    Snake:2 |   22468 |    4147 |  15.6 |      44 |       5 |  10.2
    Snake:3 |   14924 |     934 |   5.9 |      32 |       2 |   5.9
    Snake:4 |   19068 |   38152 |  66.7 |      40 |      56 |  58.3
      Orc:1 |    3194 |     531 |  14.3 |      22 |       5 |  18.5
      Orc:2 |    4951 |    4625 |  48.3 |      22 |      36 |  62.1
   Vaults:1 |   29852 |   17205 |  36.6 |      50 |      23 |  31.5
   Vaults:2 |   32660 |   18482 |  36.1 |      64 |      18 |  22.0
   Vaults:3 |   36985 |   26424 |  41.7 |      61 |      29 |  32.2
   Vaults:4 |   17148 |   66771 |  79.6 |      25 |      63 |  71.6
   Vaults:5 |   22116 |   50268 |  69.4 |      36 |      40 |  52.6
    Abyss:1 |   20559 |       0 |   0.0 |      51 |       0 |   0.0
    Abyss:2 |     700 |       0 |   0.0 |       2 |       0 |   0.0
    Abyss:3 |     217 |       0 |   0.0 |       2 |       0 |   0.0
      IceCv |       0 |    6707 | 100.0 |       0 |      55 | 100.0
   Gauntlet |       0 |    5905 | 100.0 |       0 |      17 | 100.0
            +---------+---------+-------+---------+---------+-------
